Map: Acropolis LE

Players

Mez

  • Race: Terran Terran
  • League: Master
  • Spawn Location: 5:00

A.I. 1 (Very Easy) - Winner!

  • Race: Protoss Protoss
  • Spawn Location: 11:00

VOD

Have the link to the VOD?

Description

Time

  • Played on: Aug. 9, 2019, 9:12 a.m.
  • Length: 9:50
Show
View Real Time Build Order
Export as new Build Order

Mez Terran 

Build Orders: Liberator Opening, Reaper Expand 

Get SALT Encoding   

  12  0:01  SCV  
  13  0:14  SCV  
  14  0:18  Supply Depot  
  14  0:27  SCV  
  15  0:39  SCV  
  15  0:42  Barracks  
  16  0:45  Refinery  
  16  0:51  SCV  
  17  1:03  SCV  
  18  1:16  SCV  
  19  1:30  Reaper, Orbital Command  
  20  1:41  Command Center  
  20  1:51  Supply Depot  
  20  1:56  SCV  
  21  2:02  Marine  
  21  2:08  SCV  
  23  2:15  Factory  
  23  2:17  Refinery  
  23  2:22  SCV  
  24  2:23  Barracks Reactor  
  24  2:34  SCV  
  25  2:46  SCV  
  26  2:54  Orbital Command  
  26  2:58  SCV  
  27  3:01  Starport  
  27  3:05  Hellion  
  31  3:06  Hellion  
  31  3:09  Barracks Tech Lab  
  31  3:10  SCV  
  32  3:20  SCV  
  32  3:22  SCV, Liberator  
  32  3:24  Supply Depot  
  32  3:26  Hellion  
  38  3:27  Hellion  
  38  3:31  Marine  
  38  3:33  SCV  
  40  3:34  SCV  
  44  3:46  SCV x2  
  50  3:48  Hellion x2  
  50  3:52  Supply Depot  
  50  3:58  SCV  
  50  3:59  Stimpack, SCV  
  52  4:06  Liberator  
  52  4:10  SCV  
  53  4:20  Command Center  
  53  4:21  SCV, Factory Reactor  
  53  4:22  SCV  
  58  4:33  SCV  
  58  4:34  SCV  
  58  4:35  Barracks  
  58  4:36  Barracks  
  60  4:45  Engineering Bay  
  60  4:46  Engineering Bay, SCV x2  
  60  4:52  Refinery  
  62  4:53  Refinery  
  62  5:06  Starport Reactor  
  62  5:08  Factory Reactor  
  62  5:12  Supply Depot  
  62  5:14  Terran Infantry Weapons Level 1  
  62  5:15  Terran Infantry Armor Level 1  
  62  5:29  Supply Depot  
  62  5:31  SCV x2, Marine  
  62  5:32  Marine x4  
  69  5:38  Barracks  
  69  5:39  Barracks  
  69  5:40  Supply Depot  
  69  5:42  Orbital Command  
  69  5:43  SCV  
  69  5:46  Medivac  
  69  5:49  Marine x2, Medivac  
  77  5:50  Marine  
  77  5:52  SCV  
  77  5:55  SCV  
  77  5:56  Supply Depot  
  79  6:00  Widow Mine x2  
  79  6:01  Marine  
  79  6:04  Combat Shield, Orbital Command  
  84  6:10  Supply Depot  
  84  6:22  Medivac x2  
  84  6:24  Widow Mine x2, Supply Depot  
  84  6:25  Marine x2  
  94  6:26  Marine  
  94  6:30  SCV x2  
  94  6:31  SCV  
  98  6:34  Barracks Reactor x2  
  98  6:42  SCV  
  99  6:47  Marine x5  
  99  6:48  Supply Depot  
  99  6:50  Widow Mine  
  99  6:51  Widow Mine  
  108  6:54  Armory  
  108  6:56  SCV x2  
  111  7:01  SCV  
  111  7:08  SCV  
  112  7:10  Marine, Supply Depot  
  112  7:11  Marine x6  
  112  7:13  Widow Mine  
  112  7:14  Widow Mine, Medivac  
  112  7:15  Medivac  
  127  7:16  SCV  
  127  7:17  SCV  
  129  7:31  Marine x9  
  129  7:36  Widow Mine x2  
  142  7:38  Refinery, SCV x2  
  142  7:40  Refinery, SCV  
  145  7:49  Marine x2  
  147  7:56  Marine  
  147  7:57  Marine  
  149  7:59  Factory  
  149  8:08  Supply Depot  
  149  8:15  Supply Depot  
  149  8:28  Supply Depot  
  149  8:29  Marine x3, Medivac x2, Supply Depot  
  149  8:30  SCV  
  157  8:36  Widow Mine x2, Marine x4  
  157  8:40  Supply Depot  
  157  8:41  Supply Depot  
  165  8:48  Command Center  
  165  8:50  SCV x3, Marine x4  
  165  8:53  Supply Depot  
  165  8:54  Marine x2, Supply Depot  
  174  9:02  SCV x2  
  176  9:03  Marine x2  
  176  9:04  Marine  
  176  9:05  Widow Mine x2, Factory Tech Lab  
  176  9:07  Marine x2  
  176  9:09  Marine  
  185  9:10  Marine  
  185  9:11  Marine x2  
  79  9:17  Medivac x2  
  189  9:21  Marine  
  189  9:23  Marine x2  
  196  9:25  Marine  
  196  9:26  Widow Mine  
  199  9:34  Barracks  
  199  9:35  Barracks  
  199  9:36  Barracks  
Show
View Real Time Build Order
Export as new Build Order

A.I. 1 (Very Easy) Protoss - Winner!

Build Orders:  

Get SALT Encoding   

  12  0:00  Probe  
  13  0:13  Probe  
  14  0:19  Pylon  
  14  0:37  Assimilator  
  14  0:43  Gateway  
  14  0:45  Pylon  
  14  1:14  Assimilator  
  14  1:23  Probe  
  14  1:31  Probe  
  15  1:33  Zealot, Cybernetics Core  
  15  1:39  Probe  
  19  1:49  Probe  
  20  1:59  Probe  
  20  2:08  Probe  
  21  2:10  Warp Gate  
  22  2:46  Stalker  
  24  4:15  Probe  
  24  5:11  Probe  
  23  5:19  Probe  
  20  5:28  Probe  
  22  5:40  Probe  
  23  5:52  Probe  
  24  7:10  Probe  
  24  7:21  Probe  
  24  7:27  Adept, Pylon  
  24  7:28  Robotics Facility  
  24  7:29  Probe  
  27  7:32  Nexus  
  28  7:39  Probe  
  25  7:51  Probe  
  26  8:14  Observer  
  27  8:25  Stalker  
  29  8:29  Observer  
  30  8:43  Probe  
  31  8:52  Probe  
  31  8:55  Probe  
  32  8:56  Assimilator  
  32  8:58  Assimilator  
  33  9:06  Probe  
  34  9:13  Probe  
  35  9:21  Probe  
  36  9:24  Zealot  
  36  9:25  Probe  
  39  9:35  Probe  
Tags
 
Add a new tag
Caveats
  • Supply blocks, unpowered buildings, or Contaminate may cause inaccurate times.
  • Supply counts are checked every 10 seconds.